 Dungeon Crawl Stone Soup version 0.27.1-3-gb3d3a73c9e (webtiles) character file.

Game seed: 15826679328686560523

284 Crownlay the Skirmisher (level 6, -3/53 HPs)
             Began as a Formicid Fighter on Oct 16, 2021.
             Slain by a steam dragon (8 damage)
             ... on level 3 of the Dungeon.
             The game lasted 00:05:00 (3500 turns).

Crownlay the Skirmisher (Formicid Fighter)          Turns: 3500, Time: 00:05:00

Health: -3/53      AC: 10    Str: 22    XL:     6   Next: 55%
Magic:  6/6        EV:  9    Int:  8    God:
Gold:   117        SH:  0    Dex: 10    Spells: 5/5 levels left

rFire    . . .     SeeInvis +   a - +0 long sword
rCold    . . .     Faith    .   (no shield)
rNeg     . . .     Spirit   .   b - +0 scale mail
rPois    .         Reflect  .   (helmet unavailable)
rElec    .         Harm     .   (no cloak)
rCorr    .         Rampage  .   (no gloves)
Will     .....                  (no boots)
Stlth    ..........             (no amulet)
HPRegen  0.17/turn              f - +4 ring of protection
MPRegen  0.10/turn              (no ring)

@: no status effects
A: permanent stasis, dig shafts and tunnels, antennae 3, four strong arms
a: Dig, Shaft Self


You were on level 3 of the Dungeon.
You visited 1 branch of the dungeon, and saw 3 of its levels.
You also visited: Sewer.

You collected 117 gold pieces.

Inventory:

Hand Weapons
 a - a +0 long sword (weapon)
Armour
 b - a +0 scale mail (worn)
 c - a +0 kite shield
Jewellery
 f - a +4 ring of protection (left hand)
Scrolls
 h - 2 scrolls of fog {unknown}
 l - a scroll of blinking {unknown}
Potions
 d - 2 potions of curing
 e - a potion of brilliance {unknown}
 g - a potion of invisibility {unknown}
 i - a potion of haste {unknown}
 j - 3 potions of flight {unknown}
 k - a potion of cancellation {unknown}


   Skills:
 * Level 6.4 Fighting
 - Level 2.0 Long Blades
 - Level 3.2 Armour
 + Level 5.5 Shields


You had 5 spell levels left.
You didn't know any spells.
Your spell library contained the following spells:

 Spells                   Type           Power      Damage    Failure   Level
 Inner Flame              Hex/Fire       0%         N/A       98%         3
 Cause Fear               Hex            0%         N/A       100%        4
 Discord                  Hex            0%         N/A       100%        8


Dungeon Overview and Level Annotations

Branches:
Dungeon (3/15)              Sewer (visited)

Altars:
Cheibriados
Ru
The Shining One

Shops:
D:2 *


Innate Abilities, Weirdness & Mutations

You cannot be hasted, slowed, berserked, paralysed or teleported.
You can dig through walls and to a lower floor.
You have a pair of large antennae on your head. (SInv)
Your four strong arms can wield two-handed weapons with a shield.


Message History

There is an open door here.
As you open the large door, it creaks loudly!
There is a large open door here.
You see here a +0 club.
As you open the large door, it creaks loudly!
There is a large open door here.
You sense a monster nearby.
Found 4 javelins.
No target in view!
You sense a monster nearby.
No target in view!
A worm and a steam dragon come into view.
The steam dragon breathes steam at you. The ball of steam hits you.
The steam dragon moves out of view.
The worm moves out of view.
No target in view!
No target in view!
No target in view!
Found 20 stones.
You are engulfed in a cloud of scalding steam.
You hit the steam dragon but do no damage.
You are engulfed in a cloud of scalding steam.
The steam dragon barely misses you. The steam dragon claws you.
The steam dragon bites you. The steam dragon barely misses you.
You hit the steam dragon.
The steam dragon is lightly wounded.
You are engulfed in a cloud of scalding steam.
The steam dragon breathes steam at you. The ball of steam hits you!
The worm closely misses you.
You slash the steam dragon!
The steam dragon is moderately wounded.
You are engulfed in a cloud of scalding steam.
The steam dragon bites you but does no damage.
The steam dragon claws you.
You hit the steam dragon but do no damage.
The steam dragon is moderately wounded.
You are engulfed in a cloud of scalding steam.
* * * LOW HITPOINT WARNING * * *
The steam dragon bites you!
You die...

#.'..)♣♣.'.# #.# #
#.'.♣♣...'.# #.#
###.♣.♣♣.### #.#
#......##### #.#
####''###...#########.#
#...........#..(......#
#.............########
#....#.#.#.#.#§#w#.#.##
#...........§§.@D.....#
#....#.#.#.#.#.#.#.#.##
#..................
#....#.#.#.#.#.#.#.#
##....................
......#>#.#.#.#.#.#.#.#
##................. ..#
......#.#.#.#.#. .# ##
######.........


You could see a steam dragon and a worm.

Vanquished Creatures
  Purgy (Sewer)
  Natasha (thrice) (D:2)
  3 adders
  A gnoll (D:2)
  A worm (D:2)
  3 dart slugs (D:2)
  8 ball pythons
  10 bats
  3 endoplasms
  5 giant cockroaches
  5 goblins
  3 hobgoblins
  4 jackals (D:2)
  7 kobolds
  3 quokkas
  2 frilled lizards (D:2)
  7 rats
69 creatures vanquished.

Vanquished Creatures (others)
  2 goblins (D:1)
  A plant (D:1)
3 creatures vanquished.

Grand Total: 72 creatures vanquished

Notes
Turn   | Place    | Note
-------+----------+-------------------------------------------
     0 | D:1      | Crownlay the Formicid Fighter began the quest for the Orb.
     0 | D:1      | Reached XP level 1. HP: 18/18 MP: 1/1
   234 | D:1      | Reached XP level 2. HP: 24/24 MP: 2/2
   535 | D:1      | Found a faded altar of an unknown god.
   585 | D:1      | Reached skill level 4 in Fighting
   593 | D:1      | Reached XP level 3. HP: 29/30 MP: 3/3
   757 | D:2      | Found Ununiakei's General Store.
  1040 | D:2      | Noticed Natasha
  1059 | D:2      | Killed Natasha
  1060 | D:2      | Reached XP level 4. HP: 25/38 MP: 4/4
  1151 | D:2      | Noticed Natasha
  1158 | D:2      | Killed Natasha
  1159 | D:2      | Reached skill level 5 in Fighting
  1159 | D:2      | Reached XP level 5. HP: 12/44 MP: 5/5
  1776 | D:2      | Noticed Natasha
  1796 | D:2      | Killed Natasha
  1797 | D:2      | Reached skill level 5 in Shields
  2332 | D:3      | Found a snail-covered altar of Cheibriados.
  2383 | D:3      | Found a glowing golden altar of the Shining One.
  2409 | D:3      | Found a glowing drain.
  2430 | Sewer    | Entered a sewer
  2572 | Sewer    | Noticed Purgy
  2586 | Sewer    | Killed Purgy
  2587 | Sewer    | Reached skill level 6 in Fighting
  2587 | Sewer    | Reached XP level 6. HP: 11/53 MP: 6/6
  3109 | D:3      | Found a sacrificial altar of Ru.
  3495 | D:3      | Noticed a steam dragon
  3500 | D:3      | Slain by a steam dragon

Illustrated notes

Levels and vault maps discovered:
D:1:      minmay_arrival_four_houses, layout_basic,
          shapermc_ecumenical_altar_ellora, lemuel_old_faithful
D:2:      layout_loops_ring, serial_shops, shop, minmay_3d_cube, uniq_natasha
D:3:      layout_basic, mainiacjoe_overflow_catwalk, nicolae_ru_path_of_blood,
          tso_oasis_becter, portal_sewer_entry_a, hex_intersection,
          st_stairs_11, kennysheep_generic_room_12

Skill      XL: |  1  2  3  4  5 |
---------------+----------------+-----
Shields        | 4 5 |  5.5
Fighting       | 4 5 6 |  6.4
Long Blades    | |  2.0
Armour         | |  3.2

Action                   |  1- 3 |  4- 6 || total
-------------------------+-------+-------++-------
Melee: Long sword        |   118 |   116 ||   234
  Use: Potion            |       |     1 ||     1
       Scroll            |       |     3 ||     3
Armor: Scale mail        |    81 |    84 ||   165
Dodge: Dodged            |    66 |    62 ||   128
       Rpst.: Long sword |    21 |    16 ||    37
